 Dungeon Crawl Stone Soup version 0.28.0-53-g5a82cb258f (webtiles) character file.

Game seed: 4183838514885759015

53 H0rd4k the Charlatan (level 4, -3/32 HPs)
             Began as a Human Artificer on July 18, 2022.
             Slain by a goblin
             ... wielding a +0 dagger
             ... led by Robin
              (5 damage)
             ... on level 2 of the Dungeon.
             The game lasted 00:00:58 (1232 turns).

H0rd4k the Charlatan (Human Artificer)              Turns: 1232, Time: 00:00:59

Health: -3/32      AC:  4    Str: 13    XL:     4   Next: 10%
Magic:  4/4        EV: 11    Int: 13    God:
Gold:   84         SH:  0    Dex: 13    Spells: 3/3 levels left

rFire   . . .      SeeInvis .   k - +6 dagger (venom)
rCold   + . .      Faith    .   (no shield)
rNeg    . . .      Spirit   .   b - +0 leather armour
rPois   .          Reflect  .   (no helmet)
rElec   .          Harm     .   (no cloak)
rCorr   .          Rampage  .   (no gloves)
Will    .....                   m - +0 pair of boots
Stlth   +.........              (no amulet)
HPRegen 0.10/turn               n - ring of protection from cold
MPRegen 0.09/turn               (no ring)

@: no status effects
A: no striking features
a: no special abilities


You were on level 2 of the Dungeon.
You visited 1 branch of the dungeon, and saw 2 of its levels.

You collected 84 gold pieces.

Inventory:

Hand Weapons
 i - a +0 whip
 k - a +6 dagger of venom (weapon)
Armour
 b - a +0 leather armour (worn)
 m - a +0 pair of boots (worn)
Jewellery
 n - a ring of protection from cold (left hand)
Wands
 c - a wand of flame (14) (quivered)
 d - a wand of charming (14)
Scrolls
 a - 2 scrolls of identify {unknown}
 g - a scroll of magic mapping {unknown}
 h - a scroll of enchant armour {unknown}
 j - a scroll of enchant weapon {unknown}
Potions
 f - 2 potions of curing {unknown}
 l - a potion of invisibility {unknown}
Miscellaneous
 e - a piece from Xom's chessboard (15/15)


   Skills:
 + Level 1.3 Fighting
 + Level 1.2 Maces & Flails
 - Level 2.0 Armour
 + Level 1.2 Dodging
 - Level 1.0 Stealth
 + Level 4.1 Evocations


You had 3 spell levels left.
You didn't know any spells.
Your spell library contained the following spells:

 Spells                   Type           Power      Damage    Failure   Level
 Animate Skeleton         Necr           0%         N/A       36%         1
 Pain                     Necr           0%         1d4       36%         1
 Vampiric Draining        Necr           0%         2d6       75%         3


Dungeon Overview and Level Annotations

Branches:
Dungeon (2/15)

Altars:

Annotations:
D:2 Robin


Message History

There are monsters nearby!
You miss the jackal.
The jackal is heavily wounded.
Robin throws the goblin at you! The jackal closely misses you.
The goblin hits you but does no damage. The goblin barely misses you.
The goblin closely misses you.
There are monsters nearby!
Unknown command.
You completely miss the goblin. The jackal bites you.
The goblin barely misses you.
Robin roars a battlecry!
The goblins go into a battle-frenzy!
The goblin hits you with a +0 dagger. The goblin barely misses you. x2
The goblin hits you with a +0 dagger.
You closely miss the goblin.
The goblin hits you with a +2 dagger of speed.
The goblin hits you with a +0 dagger. The goblin hits you with a +0 club.
The goblin hits you but does no damage.
You closely miss the goblin.
The jackal bites you but does no damage.
The goblin barely misses you. The goblin closely misses you.
The goblin hits you with a +0 club.
* * * LOW HITPOINT WARNING * * *
The jackal closely misses you. The goblin barely misses you.
The goblin hits you with a +0 dagger.
* * * LOW HITPOINT WARNING * * *
You closely miss the goblin. The jackal completely misses you.
The goblin hits you with a +2 dagger of speed.
* * * LOW HITPOINT WARNING * * *
The goblin hits you but does no damage. The goblin hits you with a +0 club.
* * * LOW HITPOINT WARNING * * *
Robin says, "My goblins will feast on your bones."
The goblin barely misses you.
Aiming: Charm
Press: ? - help, Shift-Dir - straight line, f - goblin
Aim: a goblin, wielding a +0 dagger (strong, chance to affect: 75%)
The goblin is charmed.
The jackal bites you.
* * * LOW HITPOINT WARNING * * *
The goblin barely misses you. The goblin hits you with a +0 dagger.
You die...

#........ #........
#........ #........
##gg......
#gghg.....
#####ghggh.... ##
#....g@# .#
#...##g## ###
.###... #...###
..####...#...
###...# #
#.†.........#
#.....# .#
#####........
####..## ##.#
#...####.##
#......###...#
###.######.
###........########
...........
#.^.####..........#


You could see Robin (fast), 3 jackals, a hobgoblin (strong), 7 goblins and a
friendly goblin (charmed, strong).

Vanquished Creatures
  Jessica (D:2)
  3 endoplasms (D:1)
  3 giant cockroaches (D:2)
  2 goblins
  3 hobgoblins
  2 ball pythons (D:2)
  4 bats (D:1)
  2 frilled lizards
  4 kobolds (D:1)
  3 rats
27 creatures vanquished.

Notes
Turn   | Place    | Note
-------+----------+-------------------------------------------
     0 | D:1      | H0rd4k the Human Artificer began the quest for the Orb.
     0 | D:1      | Reached XP level 1. HP: 15/15 MP: 1/1
   212 | D:1      | Reached XP level 2. HP: 21/21 MP: 2/2
   434 | D:1      | Found a faded altar of an unknown god.
   991 | D:2      | Noticed Jessica
   996 | D:2      | Killed Jessica
   997 | D:2      | Reached skill level 1 in Maces & Flails
   997 | D:2      | Reached skill level 4 in Evocations
   997 | D:2      | Reached XP level 3. HP: 24/26 MP: 3/3
  1203 | D:2      | Reached XP level 4. HP: 32/32 MP: 4/4
  1223 | D:2      | Noticed Robin
  1232 | D:2      | Slain by a goblin

Illustrated notes

Levels and vault maps discovered:
D:1:      dpeg_arrival_three_bigger_balls, layout_basic,
          shapermc_ecumenical_altar_acropolis
D:2:      layout_rooms, minmay_worlds_worst_comb, uniq_robin, uniq_terence,
          uniq_jessica

Skill      XL: |  1  2 |
---------------+-------+-----
Maces & Flails | 1 |  1.2
Evocations     | 4 |  4.1
Fighting       | |  1.3
Armour         | |  2.0
Dodging        | |  1.2
Stealth        | |  1.0

Action                   |  1- 3 |  4- 6 || total
-------------------------+-------+-------++-------
Melee: Whip              |    47 |       ||    47
       Club              |     4 |       ||     4
       Punch             |     2 |       ||     2
       Dagger            |    10 |    11 ||    21
Evoke: Wand              |     1 |     1 ||     2
 Stab: Sleeping          |     2 |     1 ||     3
Armor: Leather armour    |    23 |     7 ||    30
Dodge: Dodged            |    38 |    14 ||    52
